 Dungeon Crawl Stone Soup version 0.31-a0-1570-g93c622d222 (webtiles) character file.

Game seed: 5742072897409368899

135 Illumlnatl the Chopper (level 5, -2/43 HPs)
             Began as a Gnoll Reaver on Dec 27, 2023.
             Was a Believer of Uskayaw.
             Slain by a black bear (5 damage)
             ... on level 3 of the Dungeon on Jan 3, 2024.
             The game lasted 00:16:07 (2775 turns).

Illumlnatl the Chopper (Gnoll Reaver)               Turns: 2775, Time: 00:16:08

Health: -2/43      AC:  5    Str: 13    XL:     5   Next: 18%
Magic:  0/12       EV: 11    Int: 13    God:    Uskayaw [**....]
Gold:   205        SH:  0    Dex: 10    Spells: 13/14 levels left

rFire   . . .        w - +0 war axe
rCold   . . .        (no shield)
rNeg    . . .        x - +0 ring mail
rPois   +            (no helmet)
rElec   .            (no cloak)
rCorr   .            (no gloves)
SInv    .            (no boots)
Will    +....        q - amulet of guardian spirit
Stlth   +            g - ring of poison resistance
HPRegen 0.27/turn    (no ring)
MPRegen 0.13/turn

%: guardian spirit
@: enlightened, flying
A: fangs 1, strong nose, distributed training
a: Renounce Religion, Stomp, Line Pass


You were on level 3 of the Dungeon.
You worshipped Uskayaw.
Uskayaw was noncommittal.
You visited 1 branch of the dungeon, and saw 4 of its levels.

You collected 205 gold pieces.

Inventory:

Hand Weapons
 n - a +0 short sword of draining
 w - a +0 war axe (weapon)
Missiles
 b - a throwing net
 e - 19 stones
 j - 15 poisoned darts
Armour
 t - a +0 robe
 x - a +0 ring mail (worn)
Jewellery
 g - a ring of poison resistance (left hand)
 m - a ring of protection from cold
 q - an amulet of guardian spirit (around neck)
Wands
 p - a wand of paralysis (11)
Scrolls
 a - a scroll of amnesia {unknown}
 c - 4 scrolls of identify {unknown}
 d - 3 scrolls of fear {unknown}
 i - a scroll of teleportation {unknown}
 k - 2 scrolls of blinking {unknown}
 o - a scroll of revelation {unknown}
 r - a scroll of enchant weapon {unknown}
 s - a scroll of acquirement {unknown}
 v - 2 scrolls of noise {unknown}
Potions
 l - a potion of heal wounds {unknown}


   Skills:
 + Level 4.8 Fighting
 + Level 1.4 Short Blades
 + Level 1.4 Long Blades
 + Level 6.7 Axes
 + Level 1.4 Maces & Flails
 + Level 1.4 Polearms
 + Level 1.4 Staves
 + Level 1.4 Ranged Weapons
 + Level 1.4 Throwing
 + Level 1.4 Armour
 + Level 4.8 Dodging
 + Level 1.4 Stealth
 + Level 1.4 Shields
 + Level 1.4 Unarmed Combat
 + Level 5.2 Spellcasting
 + Level 5.5 Conjurations
 + Level 1.1 Hexes
 + Level 1.1 Summonings
 + Level 1.1 Necromancy
 + Level 1.1 Translocations
 + Level 1.1 Fire Magic
 + Level 1.1 Ice Magic
 + Level 1.1 Air Magic
 + Level 1.1 Earth Magic
 + Level 1.1 Alchemy
 + Level 1.6 Invocations
 + Level 1.4 Evocations
 + Level 1.3 Shapeshifting


You had 13 spell levels left.
You knew the following spells:

 Your Spells              Type           Power      Damage    Failure   Level
a - Kiss of Death         Conj/Necr      48%        2d9       10%         1

Your spell library contained the following spells:

 Spells                   Type           Power      Damage    Failure   Level
 Momentum Strike          Conj/Tloc      24%        3d8       14%         2
 Hailstorm                Conj/Ice       12%        3d6       28%         3


Dungeon Overview and Level Annotations

Branches:
Dungeon (4/15)
 Temple: D:4-7

Altars:
Uskayaw
Xom
Yredelemnul


Innate Abilities, Weirdness & Mutations

You have very sharp teeth.
Your uncanny sense of smell can sniff out nearby items.
Your experience applies equally to all skills.


Message History

* * * LOW HITPOINT WARNING * * *
The black bear misses you. A mysterious force pulls you upwards.
The hatch slams shut behind you.
It was a potion of curing.
You feel better. The black bear barely misses you. The black bear claws you.
The black bear claws you but does no damage.
Unknown command.
You feel better. The black bear bites you.
The black bear closely misses you. x2
You slash the black bear!
The black bear is moderately wounded.
The black bear bites you. The black bear claws you.
The black bear barely misses you.
You barely miss the black bear. You bite the black bear.
The black bear is heavily wounded.
The black bear bites you but does no damage.
The black bear claws you but does no damage.
The black bear closely misses you.
You can now pass through a line of other dancers.
You slash the black bear!
The black bear is almost dead.
The black bear goes berserk!
You completely miss the black bear.
The black bear is severely wounded.
The black bear closely misses you. The black bear claws you.
The black bear barely misses you. The black bear bites you.
The black bear claws you but does no damage.
The black bear closely misses you.
You hit the black bear but do no damage.
The black bear is severely wounded.
The black bear bites you!
* * * LOW HITPOINT WARNING * * *
The black bear completely misses you.
The black bear claws you but does no damage.
The black bear bites you.
* * * LOW HITPOINT WARNING * * *
The black bear completely misses you. The black bear closely misses you.
It was a potion of enlightenment.
You feel very buoyant.
You fly up into the air.
The black bear bites you.
You die...

#.##......#
#..######### #
#.##.####.# #...<.# #
#.##.# #.###.....# #
#....# #.........### #
###### ######....'.##
# ###....#..## #
#......##..### #
#......###...## ######
#...h@..####..###....#
#.......# ##..##....#
####....## ##.......#
#.......# ####....'
#.......# #....#
#.......# #....#
#.......# #....#
#.......# ######
#.......#


You could see a black bear (berserk).

Vanquished Creatures
  Jessica (D:3)
  3 adders
  2 dart slugs (D:1)
  2 ribbon worms
  5 orcs (D:3)
  8 bats
  5 endoplasms
  4 giant cockroaches
  5 goblins
  7 hobgoblins
  2 quokkas
  6 ball pythons
  2 frilled lizards (D:1)
  7 kobolds
  4 rats
63 creatures vanquished.

Notes
Turn   | Place    | Note
-------+----------+-------------------------------------------
     0 | D:1      | Illumlnatl the Gnoll Reaver began the quest for the Orb.
     0 | D:1      | Reached XP level 1. HP: 20/20 MP: 6/6
    31 | D:1      | Upgraded the game from 0.31-a0-1447-g87ca8d402b to
                  | 0.31-a0-1570-g93c622d222
   123 | D:1      | Reached XP level 2. HP: 17/26 MP: 7/7
   400 | D:1      | Reached skill level 5 in Spellcasting
   400 | D:1      | Reached XP level 3. HP: 28/31 MP: 7/9
   889 | D:2      | Reached skill level 1 in Invocations
  1125 | D:2      | Reached skill level 1 in Short Blades
  1125 | D:2      | Reached skill level 1 in Long Blades
  1125 | D:2      | Reached skill level 1 in Maces & Flails
  1125 | D:2      | Reached skill level 1 in Polearms
  1125 | D:2      | Reached skill level 1 in Staves
  1125 | D:2      | Reached skill level 1 in Ranged Weapons
  1125 | D:2      | Reached skill level 1 in Throwing
  1125 | D:2      | Reached skill level 1 in Armour
  1125 | D:2      | Reached skill level 1 in Stealth
  1125 | D:2      | Reached skill level 1 in Shields
  1125 | D:2      | Reached skill level 1 in Unarmed Combat
  1125 | D:2      | Reached skill level 1 in Evocations
  1163 | D:2      | Reached skill level 1 in Shapeshifting
  1163 | D:2      | Reached XP level 4. HP: 31/38 MP: 11/11
  1927 | D:3      | Reached skill level 1 in Hexes
  1927 | D:3      | Reached skill level 1 in Summonings
  1927 | D:3      | Reached skill level 1 in Necromancy
  1927 | D:3      | Reached skill level 1 in Translocations
  1927 | D:3      | Reached skill level 1 in Fire Magic
  1927 | D:3      | Reached skill level 1 in Ice Magic
  1927 | D:3      | Reached skill level 1 in Air Magic
  1927 | D:3      | Reached skill level 1 in Earth Magic
  1927 | D:3      | Reached skill level 1 in Alchemy
  2000 | D:3      | Found a shimmering altar of Xom.
  2075 | D:3      | Found a faded altar of an unknown god.
  2086 | D:3      | Prayed at the altar of an unknown god.
  2086 | D:3      | Became a worshipper of Uskayaw the Reveller
  2086 | D:3      | Reached * piety under Uskayaw
  2193 | D:3      | Noticed Jessica
  2211 | D:3      | Killed Jessica
  2212 | D:3      | Reached XP level 5. HP: 34/43 MP: 8/12
  2325 | D:3      | Reached ** piety under Uskayaw
  2425 | D:3      | Found a faded altar of an unknown god.
  2432 | D:3      | Found a basalt altar of Yredelemnul.
  2742 | D:4      | Noticed a black bear
  2775 | D:3      | Slain by a black bear

Illustrated notes

Levels and vault maps discovered:
D:1:      minmay_arrival_open_corners, layout_rooms, minmay_tetromino_t2
D:2:      kennysheep_six_static_rooms, layout_basic, minmay_split_cup_large
D:3:      layout_basic, nicolae_overflow_ecumenical_swirl, xom_teletrap_fun,
          hellmonk_ecumenical_altar_leap_of_faith, uniq_jessica
D:4:      cheibrodos_barr_body, layout_rooms, gup_sewer_entry_pipe,
          minmay_manual_mullet

Skill      XL: |  1  2  3  4 |
---------------+-------------+-----
Spellcasting   | 5 |  5.2
Invocations    | 1 |  1.6
Short Blades   | 1 |  1.4
Long Blades    | 1 |  1.4
Maces & Flails | 1 |  1.4
Polearms       | 1 |  1.4
Staves         | 1 |  1.4
Ranged Weapons | 1 |  1.4
Throwing       | 1 |  1.4
Armour         | 1 |  1.4
Stealth        | 1 |  1.4
Shields        | 1 |  1.4
Unarmed Combat | 1 |  1.4
Evocations     | 1 |  1.4
Shapeshifting  | 1 |  1.3
Hexes          | 1 |  1.1
Summonings     | 1 |  1.1
Necromancy     | 1 |  1.1
Translocations | 1 |  1.1
Fire Magic     | 1 |  1.1
Ice Magic      | 1 |  1.1
Air Magic      | 1 |  1.1
Earth Magic    | 1 |  1.1
Alchemy        | 1 |  1.1
Fighting       | |  4.8
Axes           | |  6.7
Dodging        | |  4.8
Conjurations   | |  5.5

Action                     |  1- 3 |  4- 6 || total
---------------------------+-------+-------++-------
  Melee: Hand axe          |    95 |       ||    95
         Bite              |    12 |    16 ||    28
         Short sword       |    38 |    51 ||    89
         War axe           |       |    47 ||    47
         Punch             |       |     1 ||     1
    Use: Potion            |       |     5 ||     5
 Armour: Leather armour    |   114 |    42 ||   156
         Ring mail         |       |    65 ||    65
  Dodge: Dodged            |   137 |   109 ||   246

Table legend: (Time is in decaauts)
 A = Elapsed time spent in this place.
 B = Non-inter-level travel time spent in this place.
 C = Inter-level travel time spent in this place.
 D = Time resting spent in this place.
 E = Time spent auto-exploring this place.
 F = Levels seen in this place.
 G = Mean time per level.
                   A        B        C        D        E       F      G
               +--------+--------+--------+--------+--------+-----+--------+
         Total |   2772 |   2756 |     16 |      0 |   1286 |   4 |  693.0 |
       Dungeon |   2772 |   2756 |     16 |      0 |   1286 |   4 |  693.0 |
               +--------+--------+--------+--------+--------+-----+--------+

Top non-repeatable levels by time:
     D:2: 1000 daAuts
     D:1: 819 daAuts
     D:3: 811 daAuts
     D:4: 140 daAuts
